 Dungeon Crawl Stone Soup version 0.30-a0-331-g8ab09dc110 (webtiles) character file.

Game seed: 10306448345241902394

48 Muataran the Trooper (level 3, -4/51 HPs)
             Began as a Minotaur Berserker on Oct 29, 2022.
             Was a Believer of Trog.
             Slain by a hobgoblin (5 damage)
             ... led by Robin
             ... on level 2 of the Dungeon.
             The game lasted 00:01:49 (804 turns).

Muataran the Trooper (Minotaur Berserker)            Turns: 804, Time: 00:01:49

Health: -4/51      AC:  2    Str: 23    XL:     3   Next: 50%
Magic:  2/2        EV: 12    Int:  4    God:    Trog [**....]
Gold:   51         SH:  0    Dex:  9    Spells: 2/2 levels left

rFire   . . .      SeeInvis .    a - +0 falchion
rCold   . . .      Faith    .    (no shield)
rNeg    . . .      Spirit   .    b - +0 animal skin
rPois   .          Reflect  .    (helmet restricted)
rElec   .          Harm     .    (no cloak)
rCorr   .          Rampage  .    (no gloves)
Will    .....                    (no boots)
Stlth   ..........               (no amulet)
HPRegen 0.28/turn                (no ring)
MPRegen 0.08/turn                (no ring)

@: berserking (expiring), very quick
A: horns 2, retaliatory headbutt
a: Renounce Religion, Berserk, Trog's Hand


You were on level 2 of the Dungeon.
You worshipped Trog.
Trog was pleased with you.
You visited 1 branch of the dungeon, and saw 2 of its levels.

You collected 51 gold pieces.

Inventory:

Hand Weapons
 a - a +0 falchion (weapon)
Armour
 b - a +0 animal skin (worn)
Scrolls
 c - 5 scrolls of identify {unknown}
 d - a scroll of enchant weapon {unknown}
 j - a scroll of poison {unknown}
 k - a scroll of noise {unknown}
Potions
 e - a potion of curing {unknown}
 f - a potion of magic {unknown}
 g - a potion of flight {unknown}
 h - a potion of lignification {unknown}
 i - a potion of brilliance {unknown}


   Skills:
 * Level 4.4 Fighting
 + Level 4.1 Long Blades
 + Level 3.0 Armour
 + Level 2.7 Dodging


You had 2 spell levels left.
You didn't know any spells.
Your spell library was empty.

Dungeon Overview and Level Annotations

Branches:
Dungeon (2/15)

Altars:


Innate Abilities, Weirdness & Mutations

You have a pair of horns on your head.
You reflexively headbutt those who attack you in melee.


Message History

You kill the hobgoblin!
Trog accepts your kill. The goblin completely misses you.
Your Armour skill increases to level 3!
You barely miss Robin.
Robin is severely wounded.
You completely miss Robin.
Robin is severely wounded.
Robin throws the goblin at you!
* * * LOW HITPOINT WARNING * * *
The hobgoblin closely misses you. The goblin hits you but does no damage.
The goblin closely misses you. x2; You furiously retaliate!
You headbutt the goblin!
You kill the goblin!
Trog accepts your kill.
You closely miss Robin.
Robin is severely wounded.
Robin misses you. The goblin misses you. The goblin hits you with a +0 club.
* * * LOW HITPOINT WARNING * * *
The goblin hits you but does no damage. The hobgoblin hits you.
* * * LOW HITPOINT WARNING * * *
The hobgoblin hits you.
* * * LOW HITPOINT WARNING * * *
You barely miss Robin.
Robin is severely wounded.
Robin says, "Kneel, worm!"
Robin closely misses you. The goblin closely misses you.
The hobgoblin hits you.
* * * LOW HITPOINT WARNING * * *
The goblin hits you but does no damage. The goblin closely misses you. x2
The hobgoblin hits you.
* * * LOW HITPOINT WARNING * * *
You slash Robin!
You kill Robin!
Trog accepts your kill.
The goblin no longer looks unusually strong.
The goblin closely misses you. The goblin completely misses you.
The goblin closely misses you. The hobgoblin closely misses you.
The hobgoblin hits you.
You die...

#.... ..# #...# ..# #
#...# #.######. .. #...#
#... ....
...####...###.###..#
...................# ##.
.......gg..........#...
......g@gg.........#.#
...####gg)###.##.....##.
#...# #......#.... #...#
####.#...## ##!#.#
####......# #.###.
..##†##...##
##.#.###.##.......#
#>....##.##.##.....
#.###.##.##.###..##


You could see 2 hobgoblins and 5 goblins.

Vanquished Creatures
  Robin (D:2)
  4 ball pythons
  8 bats
  3 endoplasms
  A giant cockroach (D:1)
  4 goblins
  3 hobgoblins
  4 jackals (D:2)
  A kobold (D:1)
  A quokka (D:1)
  A frilled lizard (D:1)
  2 rats
33 creatures vanquished.

Vanquished Creatures (others)
  2 fungi (D:2)
2 creatures vanquished.

Grand Total: 35 creatures vanquished

Notes
Turn   | Place    | Note
-------+----------+-------------------------------------------
     0 | D:1      | Muataran the Minotaur Berserker began the quest for the
                  | Orb.
     0 | D:1      | Reached XP level 1. HP: 19/19 MP: 0/0
   202 | D:1      | Reached XP level 2. HP: 27/27 MP: 1/1
   764 | D:2      | Reached ** piety under Trog
   766 | D:2      | Reached XP level 3. HP: 31/33 MP: 2/2
   789 | D:2      | Noticed Robin
   802 | D:2      | HP: 1/51 [hobgoblin[Robin] (3)]
   803 | D:2      | Killed Robin
   804 | D:2      | Slain by a hobgoblin

Illustrated notes

Levels and vault maps discovered:
D:1:      ncdulo_smallfort, layout_basic, st_stairs_12, serial_bayou_ford_a
D:2:      layout_loops_cross, dreamdust_ecumenical_altar_grove, uniq_jessica,
          uniq_sigmund, uniq_robin

Skill      XL: |  1  2  3 |
---------------+----------+-----
Fighting       | 4 |  4.4
Long Blades    | 4 |  4.1
Armour         | 3 |  3.0
Dodging        | |  2.7

Action                   || total
-------------------------++-------
Melee: Falchion          ||    62
       Headbutt          ||     7
       Punch             ||     1
Invok: Berserk           ||     1
Armor: Animal skin       ||    19
Dodge: Dodged            ||    61

Table legend: (Time is in decaauts)
 A = Elapsed time spent in this place.
 B = Non-inter-level travel time spent in this place.
 C = Inter-level travel time spent in this place.
 D = Time resting spent in this place.
 E = Time spent auto-exploring this place.
 F = Levels seen in this place.
 G = Mean time per level.
                   A        B        C        D        E       F      G
               +--------+--------+--------+--------+--------+-----+--------+
         Total |    818 |    800 |     18 |     37 |    610 |   2 |  409.0 |
       Dungeon |    818 |    800 |     18 |     37 |    610 |   2 |  409.0 |
               +--------+--------+--------+--------+--------+-----+--------+

Top non-repeatable levels by time:
     D:1: 676 daAuts
     D:2: 141 daAuts
